 Dungeon Crawl Stone Soup version 0.28-b1-25-g9875b3fc8c (webtiles) character file.

Game seed: 8535315875650027265

333 sanka the Changer (level 6, -7/34 HPs)
             Began as a Deep Elf Transmuter on Feb 7, 2022.
             Mangled by a phantom (9 damage)
             ... on level 4 of the Dungeon.
             The game lasted 00:08:03 (4674 turns).

sanka the Changer (Deep Elf Transmuter)             Turns: 4674, Time: 00:08:04

Health: -7/34      AC:  3    Str:  7    XL:     6   Next: 27%
Magic:  9/13       EV: 12    Int: 20    God:
Gold:   207        SH:  0    Dex: 15    Spells: 6/12 levels left

rFire   . . .      SeeInvis .     - Unarmed
rCold   . . .      Faith    +   (no shield)
rNeg    . . .      Spirit   .   a - +0 robe
rPois   +          Reflect  .   (no helmet)
rElec   .          Harm     .   f - +0 cloak
rCorr   .          Rampage  .   (no gloves)
Will    .....                   (no boots)
Stlth   +.........              q - amulet of faith
HPRegen 0.11/turn               e - ring of poison resistance
MPRegen 0.13/turn               (no ring)

@: brilliant, about to teleport, wereblooded
A: no striking features
a: no special abilities


You were on level 4 of the Dungeon.
You visited 1 branch of the dungeon, and saw 4 of its levels.

You collected 207 gold pieces.

Inventory:

Hand Weapons
 k - a +0 dagger of venom
Armour
 a - a +0 robe (worn)
 f - a +0 cloak (worn)
Jewellery
 e - a ring of poison resistance (left hand)
 o - a ring of fire
 q - an amulet of faith (around neck)
Scrolls
 b - a scroll of vulnerability {unknown}
 g - a scroll of immolation {unknown}
 h - a scroll of blinking
 j - a scroll of noise {unknown}
 l - a scroll of fear {unknown}
 m - a scroll of fog {unknown}
 n - a scroll of identify {unknown}
Potions
 d - a potion of might {unknown}
 i - a potion of brilliance
 p - a potion of degeneration {unknown}
 r - a potion of haste {unknown}
 s - a potion of resistance {unknown}


   Skills:
 - Level 1.0 Fighting
 - Level 2.4 Dodging
 - Level 3.0 Unarmed Combat
 + Level 3.7 Spellcasting
 + Level 6.2 Transmutations
 - Level 2.0 Poison Magic


You had 6 spell levels left.
You knew the following spells:

 Your Spells              Type           Power      Damage    Failure   Level
a - Beastly Appendage     Tmut           86%        N/A       1%          1
b - Wereblood             Tmut           43%        N/A       1%          2
c - Spider Form           Tmut/Pois      30%        N/A       8%          3

Your spell library contained the following spells:

 Spells                   Type           Power      Damage    Failure   Level
 Blink                    Tloc           10%        N/A       21%         2
 Lesser Beckoning         Tloc           5%         N/A       36%         3
 Ice Form                 Ice/Tmut       24%        N/A       36%         4
 Manifold Assault         Tloc           5%         N/A       98%         5


Dungeon Overview and Level Annotations

Branches:
Dungeon (4/15)
 Temple: D:4-7

Altars:

Annotations:
D:3 2 runed translucent doors, ilikefood's ghost, weakling SpAM


Message History

The black bear looks as sick as possible!
The black bear is severely wounded.
The black bear goes berserk!
You hit the black bear.
The black bear looks as sick as possible!
The black bear is almost dead.
The black bear barely misses you. The black bear closely misses you.
The black bear completely misses you. The black bear bites you.
The black bear completely misses you. x2
You hit the black bear.
You feel a bit better.
You kill the black bear!
Training target 3.0 for Unarmed Combat reached!
Your Unarmed Combat skill increases to level 3!
You need to enable at least one skill for training.
You have reached level 6!
You hit the phantom.
The phantom is lightly damaged.
Your transformation has ended.
Your +0 cloak unmelds from your body.
Your +0 robe unmelds from your body.
The phantom hits you.
The phantom blinks!
You blink.
You barely miss the phantom.
The phantom is lightly damaged.
The phantom hits you but does no damage.
The howler monkey skeleton hits you.
You hit the phantom but do no damage.
The phantom is lightly damaged.
The phantom hits you.
* * * LOW HITPOINT WARNING * * *
The phantom blinks!
You blink.
You hit the phantom but do no damage.
The phantom is lightly damaged.
The phantom hits you.
* * * LOW HITPOINT WARNING * * *
It was a potion of brilliance.
You feel clever all of a sudden. The phantom hits you.
* * * LOW HITPOINT WARNING * * *
As you read the scroll of teleportation, it crumbles to dust.
You feel strangely unstable. The phantom hits you!
You die...

# #.......# #.# #.# #.......
#####?###.## #.....> ....[.....
####..... #........#
#..+......#######........#
##.#...##......@W........+
#.......#.#######Z.......#######
#.......# #........'.....Z
#.....#.# #........##.....
#.....#.#+#######........# ...
#...)<#.........######†### .
#....##.........# #§#
#....+..........## #.#
#....####.###....# #.#


You could see a phantom and a howler monkey skeleton.

Vanquished Creatures
  A black bear (D:4)
  A scorpion (D:3)
  A howler monkey (D:4)
  A centaur skeleton (D:4)
  3 adders
  An adder skeleton (D:4)
  3 worms
  5 dart slugs
  2 orcs (D:3)
  8 endoplasms
  3 giant cockroaches
  7 goblins
  4 hobgoblins
  3 jackals (D:1)
  5 quokkas
  8 ball pythons
  6 bats
  6 frilled lizards
  4 kobolds
  7 rats
79 creatures vanquished.

Notes
Turn   | Place    | Note
-------+----------+-------------------------------------------
     0 | D:1      | sanka the Deep Elf Transmuter began the quest for the Orb.
     0 | D:1      | Reached XP level 1. HP: 11/11 MP: 6/6
   484 | D:1      | Reached skill level 3 in Transmutations
   503 | D:1      | Reached XP level 2. HP: 16/16 MP: 6/8
   519 | D:1      | Learned a level 2 spell: Wereblood
   528 | D:1      | Found a faded altar of an unknown god.
  1444 | D:2      | Reached XP level 3. HP: 18/20 MP: 7/9
  1469 | D:2      | Learned a level 3 spell: Spider Form
  1565 | D:2      | Reached skill level 4 in Transmutations
  1847 | D:2      | Reached skill level 1 in Poison Magic
  2726 | D:3      | Reached XP level 4. HP: 16/24 MP: 10/10
  2969 | D:3      | Found a large runed translucent door.
  2969 | D:3      | Found a large runed translucent door.
  3305 | D:3      | Noticed a scorpion
  3311 | D:3      | Killed a scorpion
  3312 | D:3      | Reached skill level 5 in Transmutations
  3312 | D:3      | Reached XP level 5. HP: 18/28 MP: 7/11
  4324 | D:3      | Noticed ilikefood's ghost (weakling SpAM)
  4557 | D:4      | Reached skill level 6 in Transmutations
  4645 | D:4      | Noticed a black bear
  4650 | D:4      | Noticed a phantom
  4657 | D:4      | Reached skill level 1 in Fighting
  4667 | D:4      | Killed a black bear
  4668 | D:4      | Reached XP level 6. HP: 19/34 MP: 8/13
  4674 | D:4      | Mangled by a phantom

Illustrated notes

Levels and vault maps discovered:
D:1:      lightli_arrival_noodles, layout_basic,
          chequers_ecumenical_altar_simple_redux, minmay_splitting_lines,
          minmay_unequal
D:2:      minmay_chambers_of_ones, layout_loops_ring, serial_bayou_ford_a
D:3:      minmay_chambers_of_twos, layout_basic, ebering_ghost_disaster_area
D:4:      layout_basic

Skill      XL: |  1  2  3  4  5 |
---------------+----------------+-----
Transmutations | 3 4 5 6 |  6.2
Poison Magic   | 1 2 |  2.0
Fighting       | 1 |  1.0
Unarmed Combat | 3 |  3.0
Dodging        | |  2.4
Spellcasting   | |  3.7

Action                   |  1- 3 |  4- 6 || total
-------------------------+-------+-------++-------
Melee: Unarmed           |   114 |   118 ||   232
       Kick              |    27 |    11 ||    38
       Headbutt          |    17 |     4 ||    21
       Punch             |     2 |     1 ||     3
 Cast: Beastly Appendage |    33 |    11 ||    44
       Wereblood         |     1 |     1 ||     2
       Spider Form       |     3 |     9 ||    12
  Use: Scroll            |       |     3 ||     3
       Potion            |       |     1 ||     1
 Stab: Sleeping          |     4 |       ||     4
Armor: Robe              |    28 |    10 ||    38
       Skin              |     1 |     8 ||     9
Dodge: Dodged            |    77 |    66 ||   143
